 Dungeon Crawl Stone Soup version 0.30.0-29-ga12c61a403 (webtiles) character file.

Game seed: 8426782348555124876

138 Fodor the Covered (level 5, -4/47 HPs)
             Began as a Minotaur Fighter on June 15, 2023.
             Was an Initiate of Gozag.
             Killed by divine providence
             ... invoked by an orc priest
              (13 damage)
             ... on level 4 of the Dungeon.
             The game lasted 00:20:16 (2531 turns).

Fodor the Covered (Minotaur Fighter)                Turns: 2531, Time: 00:20:19

Health: -4/47      AC: 10    Str: 22    XL:     5   Next: 1%
Magic:  4/4        EV:  8    Int:  5    God:    Gozag
Gold:   183        SH:  6    Dex: 10    Spells: 4/4 levels left

rFire   . . .        a - +0 long sword
rCold   . . .        l - +2 buckler
rNeg    . . .        s - +1 chain mail {rPois}
rPois   +            (helmet restricted)
rElec   .            (no cloak)
rCorr   .            (no gloves)
SInv    .            (no boots)
Will    .....        (no amulet) Stlth
                     (no ring)
HPRegen 0.27/turn    (no ring)
MPRegen 0.09/turn

%: no passive effects
@: no status effects
A: horns 2, retaliatory headbutt
a: Renounce Religion, Potion Petition, Call Merchant, Bribe Branch


You were on level 4 of the Dungeon.
You worshipped Gozag.
Gozag was aware of your devotion.
You visited 1 branch of the dungeon, and saw 4 of its levels.

You collected 218 gold pieces.
You paid 35 gold pieces to Gozag.

Inventory:

Hand Weapons
 a - a +0 long sword (weapon)
Missiles
 h - 6 curare-tipped darts (quivered)
 q - 19 stones
Armour
 l - a +2 buckler (worn)
 s - a +1 chain mail of poison resistance (worn)
Jewellery
 c - an amulet of magic regeneration
Scrolls
 b - 2 scrolls of poison {unknown}
 f - a scroll of blinking
 g - 2 scrolls of amnesia
 k - 2 scrolls of vulnerability
 m - 2 scrolls of teleportation {unknown}
 p - 2 scrolls of silence {unknown}
 r - a scroll of identify
 u - a scroll of fear
 v - a scroll of immolation {unknown}
 w - 3 scrolls of torment {unknown}
Potions
 d - a potion of might
 i - 3 potions of flight {unknown}
 j - a potion of mutation {unknown}
 n - 2 potions of curing {unknown}
 o - a potion of resistance {unknown}
 t - a potion of brilliance {unknown}


   Skills:
 + Level 4.4 Fighting
 + Level 3.9 Long Blades
 + Level 0.7 Throwing
 + Level 4.6 Armour
 + Level 0.5 Dodging
 + Level 4.4 Shields


You had 4 spell levels left.
You didn't know any spells.
Your spell library contained the following spells:

 Spells                   Type           Power      Damage    Failure   Level
 Magic Dart               Conj           0%         1d3       99%         1
 Call Imp                 Summ           0%         N/A       99%         2
 Mephitic Cloud           Conj/Pois/Air  0%         N/A       100%        3


Dungeon Overview and Level Annotations

Branches:
Dungeon (4/15)
 Temple: D:4-7

Altars:
Ashenzari
Gozag

Shops:
D:4 *

Annotations:
D:3 2 runed translucent doors, falseParagon's ghost, amateur HuNe


Innate Abilities, Weirdness & Mutations

You have a pair of horns on your head.
You reflexively headbutt those who attack you in melee.


Message History

The orc is severely wounded.
The orc priest mumbles some strange prayers to Beogh against you.
Beogh smites you!
* * * LOW HITPOINT WARNING * * *
The orc hits you but does no damage.
An orc priest comes into view.
It is wielding a +2 hand axe of electrocution.
The orc hits you with a +0 club.
* * * LOW HITPOINT WARNING * * *
You closely miss the orc.
The orc is severely wounded.
The orc closely misses you.
You hit the orc.
You kill the orc!
You have reached level 5!
You feel much better.
The orc priest hits you with a +0 hand axe.
You hit the orc priest.
The orc priest is moderately wounded.
You block the orc priest's attack.
You hit the orc priest. Your headbutt misses the orc priest.
The orc priest is severely wounded.
The orc priest calls upon Beogh to heal the orc priest.
The orc priest is healed somewhat.
The orc priest hits you with a +0 hand axe.
You hear a shout!
You hit the orc priest.
The orc priest is heavily wounded.
The orc priest barely misses you.
An ogre comes into view. It is wielding a +0 giant club.
The orc priest hits you but does no damage.
The ogre moves out of view.
You hit the orc priest. Your headbutt misses the orc priest.
The orc priest is severely wounded.
The orc priest invokes the aid of Beogh against you.
Beogh smites you!
* * * LOW HITPOINT WARNING * * *
The orc priest mumbles some strange prayers to Beogh against you.
Beogh smites you!
You die...
Your body crumbles into a pile of gold.

### ..# #.# .## .# #.# #..#
o. ##.## .... ##
#O##8.8##.....>.
#ooo@.......#.## #.
####8.8#.##..... #..#
##.##.##.#...
#...#####..##....##.#
#....#.......#..#.#
########[...<...###.#.#
#...........###.###.#.######
...#..>.####.#
#.##...[..)).. #.#######.#
#.#..#....)###


You could see an ogre, 2 orc priests and an orc.

Vanquished Creatures
  An iguana (D:4)
  5 adders
  2 worms (D:2)
  A dart slug (D:4)
  5 orcs
  5 endoplasms
  3 giant cockroaches
  5 goblins
  9 hobgoblins
  4 kobolds
  A quokka (D:2)
  3 ball pythons
  3 bats
  4 frilled lizards
  3 rats
54 creatures vanquished.

Notes
Turn   | Place    | Note
-------+----------+-------------------------------------------
     0 | D:1      | Fodor the Minotaur Fighter began the quest for the Orb.
     0 | D:1      | Reached XP level 1. HP: 19/19 MP: 0/0
   188 | D:1      | Reached XP level 2. HP: 27/27 MP: 1/1
   211 | D:1      | Found a faded altar of an unknown god.
  1072 | D:2      | Reached XP level 3. HP: 30/33 MP: 2/2
  1379 | D:2      | You fall into a shaft and drop 2 floors!
  1433 | D:4      | Found Gozag's Platinum Reserve.
  1438 | D:4      | Found an opulent altar of Gozag.
  1536 | D:4      | Reached XP level 4. HP: 33/41 MP: 3/3
  1537 | D:4      | Became a worshipper of Gozag Ym Sagoz the Greedy
  1761 | D:3      | Found a broken altar of Ashenzari.
  1838 | D:3      | Found a large runed translucent door.
  1841 | D:3      | Found a large runed translucent door.
  1844 | D:3      | Noticed falseParagon's ghost (amateur HuNe)
  2527 | D:4      | Reached XP level 5. HP: 10/47 MP: 4/4
  2530 | D:4      | Noticed an ogre
  2531 | D:4      | Killed from afar by an orc priest

Illustrated notes

Levels and vault maps discovered:
D:1:      mainiacjoe_arrival_reflecting_pool, layout_basic,
          shapermc_ecumenical_altar_mp_ritualfount,
          hangedman_abyss_or_decor_stabs, chequers_serial_rivers_micro_c
D:2:      layout_loops_ring
D:3:      layout_loops_ring, nicolae_ashenzari_panopticon,
          ebering_ghost_disaster_area, minmay_cupped
D:4:      layout_rooms, nicolae_gozag_zags_fifth_avenue,
          small_statue_intersection

Skill      XL: |  1  2  3 |
---------------+----------+-----
Fighting       | 4 |  4.4
Long Blades    | 3 |  3.9
Shields        | 4 |  4.4
Armour         | 4 |  4.6
Throwing       | |  0.7
Dodging        | |  0.5

Action                     |  1- 3 |  4- 6 || total
---------------------------+-------+-------++-------
  Melee: Long sword        |   103 |    45 ||   148
         Headbutt          |    13 |     6 ||    19
  Throw: Dart              |     3 |       ||     3
    Use: Scroll            |     4 |       ||     4
         Potion            |     2 |     1 ||     3
 Armour: Scale mail        |    57 |       ||    57
         Chain mail        |       |    26 ||    26
  Dodge: Dodged            |    45 |    19 ||    64
  Block: Buckler           |    39 |    17 ||    56
